AoeStats
← Kasiopex

Arabia

506472834Analyzed
1v1 RM · 20d ago on Sep 13, 2026· 62m 34s· 2 players
Game mode
Random Map
Map size
Tiny (2 player)
Population
200
Speed
Normal
Resources
Standard
Victory
Conquest
Starting age
Dark Age
Ending age
Imperial Age
RankedLock teamsTeams togetherTeam positionsShared explorationLock speedFull tech treeHidden civsTurbo modeCheats
Victory
Defeat
🇹🇷 Slavs · Türkiye
359
+15
🇲🇽 Magyars · Mexico
333
-15
Kasiopex
1:28 Loom
3:01 Loom
11:50 Feudal Age
14:36 Wheelbarrow
13:48 Town Watch
13:53 Double-Bit Axe
13:51 Horse Collar
15:32 Man-at-Arms
20:03 Gold Mining
21:45 Bloodlines
23:48 Arson
27:51 Scale Barding Armor
31:11 Castle Age
30:23 Stone Mining
30:33 Fletching
30:51 Scale Mail Armor
31:20 Pikeman
32:43 Hand Cart
32:35 Heavy Plow
34:23 Town Patrol
35:32 Elite Skirmisher
36:15 Padded Archer Armor
36:34 Bow Saw
44:29 Imperial Age
44:37 Elite Magyar Huszar
45:42 Conscription
46:15 Gold Shaft Mining
48:03 Crop Rotation
48:39 Two-Man Saw
48:03 Chain Barding Armor
52:51 Corvinian Army
54:20 Recurve Bow
55:40 Chain Mail Armor
56:01 Plate Barding Armor
55:38 Thumb Ring
58:29 Parthian Tactics
58:24 Bodkin Arrow
59:07 Heavy Cavalry Archer
59:52 Bracer
60:08 Leather Archer Armor
60:40 Ballistics
63:00 Murder Holes
Hapeep
11:40 Feudal Age
14:22 Forging
19:06 Double-Bit Axe
22:13 Castle Age
25:01 Scale Barding Armor
24:48 Horse Collar
26:38 Stone Mining
26:40 Gold Mining
30:58 Husbandry
31:10 Bloodlines
32:40 Detinets
36:32 Heavy Plow
37:17 Wheelbarrow
41:35 Imperial Age
40:26 Chain Barding Armor
43:58 Elite Boyar
45:07 Conscription
46:25 Gold Shaft Mining
46:10 Hand Cart
45:42 Town Watch
46:45 Capped Ram
47:58 Siege Ram
50:01 Plate Barding Armor
56:00 Pikeman
56:42 Squires
57:22 Iron Casting
56:48 Scale Mail Armor
57:00 Druzhina
56:37 Halberdier
56:45 Halberdier
59:04 Blast Furnace
59:06 Hoardings
59:39 Bow Saw
Connection lost

Rejoining the realm…

Still unreachable

The connection could not be restored.

Session expired

The server has moved on; the page needs a fresh start.